[Event "Team 45 45 League T52"]
[Site "Internet Chess Club"]
[Date "2012.02.24"]
[Round "2"]
[White "BlackHorse"]
[Black "searchforbobby1"]
[Result "0-1"]
[WhiteElo "2090"]
[BlackElo "2133"]
[Opening "French: Steinitz, Boleslavsky variation"]
[ECO "C11"]
[Time "22:04:15"]
[TimeControl "2700+45"]

1. e4 e6 2. d4 d5 3. Nc3 Nf6 4. e5 Nfd7 5. f4 c5 6. Nf3 Nc6 7. Be3 a6 8. Qd2 b5
9. dxc5 Bxc5 10. Bxc5 Nxc5 11. Qf2 Qb6 12. a3 Rb8 13. Be2 O-O 14. O-O f6 15.
exf6 Rxf6 16. g3 Nd7 17. Rfe1 Qxf2+ 18. Kxf2 Nc5 19. Bf1 h6 20. Bh3 a5 21. Rad1
b4 22. axb4 axb4 23. Ne2 Ne4+ 24. Ke3 b3 25. c3 Na5 26. Ne5 Nd6 27. Kf3 Nac4 28.
Nxc4 Nxc4 29. Nd4 Nxb2 30. Rb1 Nc4 31. Ke2 b2 32. Nc6 Ra8 33. Nb4 Ba6 34. Kd1 e5
35. Bg2 e4 36. Nc2 Rb6 37. Bf1 Rb3 38. Bxc4 Bxc4 39. Re3 Bd3 40. Kd2 Rc8 41. Nd4
Bxb1 42. Nxb3 Bd3 {White resigns} 0-1

[Event "Team 45 45 League T52"]
[Site "Internet Chess Club"]
[Date "2012.02.25"]
[Round "2"]
[White "boknoy"]
[Black "DARKwizard1"]
[Result "0-1"]
[WhiteElo "1947"]
[BlackElo "2077"]
[Opening "QGD Slav: Wiesbaden variation"]
[ECO "D17"]
[Time "11:00:58"]
[TimeControl "2700+45"]

1. d4 Nf6 2. Nf3 d5 3. c4 c6 4. Nc3 dxc4 5. a4 Bf5 6. Ne5 e6 7. f3 Na6 8. e4 Bg6
9. Bxc4 Nb4 10. O-O Nc2 11. Qxc2 Qxd4+ 12. Qf2 Qxe5 13. Be3 Bd6 14. g3 Qa5 15.
Rfd1 Be7 16. Kg2 O-O 17. Bf1 Rfd8 18. h3 b6 19. Kh2 h6 20. Bd2 Qc5 21. Be3 Qb4
22. Bg2 Rxd1 23. Rxd1 Rd8 24. Rxd8+ Bxd8 25. Qd2 Be7 26. Bd4 Ne8 27. Bf1 Qd6 28.
e5 Qd8 29. Qf2 Nc7 30. a5 c5 31. Be3 Nd5 32. axb6 axb6 33. Nb5 Nxe3 34. Qxe3 Qd1
35. Qe2 Qxe2+ 36. Bxe2 Kf8 37. Bc4 Ke8 38. Kg2 Kd7 39. Kf2 f6 40. f4 fxe5 41.
fxe5 Be4 42. Nc3 Bc6 43. h4 h5 44. Ke3 g5 45. Be2 gxh4 46. gxh4 Bxh4 47. Bxh5
Bg5+ 48. Kd3 Bf4 49. b3 Bxe5 50. Na4 Bc7 51. Bg4 Kd6 52. Nc3 Bd8 53. Ne4+ Ke5
54. Nd2 Bd5 55. Nc4+ Kf4 56. Bd1 e5 57. Ne3 Be4+ 58. Kd2 b5 59. Nc2 Ba5+ 60. b4
cxb4 61. Na1 b3+ 62. Kc1 Ke3 63. Nxb3 Bc3 64. Nc5 Bf5 65. Nb7 Bh7 66. Nd6 b4 67.
Bb3 Bd3 68. Nc4+ Kd4 69. Nd6 Kc5 70. Nb7+ Kc6 71. Nd8+ Kc7 72. Ne6+ Kd6 73. Kd1
Bf5 74. Ng5 Bg4+ 75. Kc2 Bf5+ 76. Kd1 e4 77. Ke2 Ke5 78. Nf7+ Kd4 79. Nh6 Bd7
80. Bc2 Be6 81. Bb1 b3 82. Kd1 Bb4 83. Ke2 Bf8 {White resigns} 0-1

[Event "Team 45 45 League T52"]
[Site "Internet Chess Club"]
[Date "2012.02.23"]
[Round "2"]
[White "ben622"]
[Black "screamingeagle"]
[Result "1-0"]
[WhiteElo "2012"]
[BlackElo "2006"]
[Opening "French: Tarrasch"]
[ECO "C03"]
[Time "12:04:08"]
[TimeControl "2700+45"]

1. e4 e6 2. d4 d5 3. Nd2 Be7 4. e5 f6 5. Ndf3 c5 6. c3 b6 7. Bd3 f5 8. Nh3 Nd7
9. Bb5 g6 10. dxc5 bxc5 11. Nf4 Qb6 12. Qa4 a5 13. O-O Ra7 14. Bc6 Kf7 15. Bxd5
exd5 16. e6+ Kg7 17. exd7 Bxd7 18. Nxd5 Qd8 19. Qd1 Bb5 20. Nxe7 Qxe7 21. Re1
Qf7 22. Ng5 Qc4 23. Ne6+ Kf7 24. Qd6 Ra8 25. Ng5+ Kg7 26. b3 Qxc3 27. Re7+ Kh6
28. Nh3+ Kh5 29. Nf4+ Kh6 30. Nd5+ Qxc1+ 31. Rxc1 Nxe7 32. Qxe7 Ra6 33. Nc7 Rb6
34. Qh4+ Kg7 35. Qe7+ Kh6 36. Nxb5 Rxb5 37. Rc3 {Black resigns} 1-0

[Event "Team 45 45 League T52"]
[Site "Internet Chess Club"]
[Date "2012.02.27"]
[Round "2"]
[White "NFork"]
[Black "Horoblitz"]
[Result "1-0"]
[WhiteElo "2260"]
[BlackElo "2056"]
[Opening "Sicilian: Alapin's variation (2.c3)"]
[ECO "B22"]
[Time "13:08:04"]
[TimeControl "2700+45"]

1. e4 c5 2. c3 g6 3. d4 cxd4 4. cxd4 d5 5. exd5 Nf6 6. Nc3 Nxd5 7. Qb3 Nb6 8.
Bb5+ Bd7 9. Bxd7+ Qxd7 10. Nf3 Nc6 11. O-O Bg7 12. Ne5 Nxe5 13. dxe5 O-O 14. Re1
Rac8 15. Bg5 Rc4 16. Rad1 Rd4 17. Be3 Rxd1 18. Rxd1 Qc6 19. Bxb6 Qxb6 20. Qxb6
axb6 21. f4 f6 22. e6 f5 23. Rd7 Bxc3 24. bxc3 Rc8 25. Rxe7 Rxc3 26. Rxb7 Rc1+
27. Kf2 Rc2+ 28. Ke3 Rxa2 29. Kd4 Ra5 30. Rb8+ {Black resigns} 1-0

[Event "Team 45 45 League T52"]
[Site "Internet Chess Club"]
[Date "2012.02.26"]
[Round "2"]
[White "Zumbi"]
[Black "pentti63"]
[Result "0-1"]
[WhiteElo "2119"]
[BlackElo "2217"]
[Opening "Caro-Kann: advance variation"]
[ECO "B12"]
[Time "09:19:17"]
[TimeControl "2700+45"]

1. e4 c6 2. d4 d5 3. e5 Bf5 4. Nf3 e6 5. Be2 Ne7 6. O-O Nd7 7. Nbd2 Nc8 8. c4
dxc4 9. Nxc4 Ndb6 10. b3 Be7 11. Bb2 O-O 12. a4 Nd5 13. Ne3 Bg6 14. Bd3 Bxd3 15.
Qxd3 Ncb6 16. Nc4 Nb4 17. Qe2 N6d5 18. Nfd2 Nf4 19. Qe4 Nbd3 20. Bc3 Qd5 21. g3
Qxe4 22. Nxe4 Ne2+ 23. Kg2 Rfd8 24. Rfd1 Nxc3 25. Nxc3 Rxd4 26. Na5 Bb4 27. Ne2
Rd5 28. Nxb7 Rb8 29. Nd6 Nxe5 30. Nc4 Nxc4 31. bxc4 Rdd8 32. Nd4 Rbc8 33. Rab1
a5 34. f4 Kf8 35. Kf3 Ke7 36. Ke4 g6 37. Nf3 f6 38. Nd4 Rd6 39. Nb3 Rcd8 40.
Rxd6 Rxd6 41. Nd4 f5+ 42. Ke5 {White resigns} 0-1

[Event "Team 45 45 League T52"]
[Site "Internet Chess Club"]
[Date "2012.02.26"]
[Round "2"]
[White "HiddenDeath"]
[Black "grabuark"]
[Result "1/2-1/2"]
[WhiteElo "2042"]
[BlackElo "2132"]
[Opening "Sicilian: Alapin's variation (2.c3)"]
[ECO "B22"]
[Time "22:00:26"]
[TimeControl "2700+45"]

1. e4 c5 2. c3 Nf6 3. e5 Nd5 4. Nf3 Nc6 5. Bc4 Nb6 6. Bb3 g6 7. d4 cxd4 8. cxd4
Bg7 9. a4 d5 10. h3 O-O 11. O-O Nc4 12. Na3 Nxa3 13. Rxa3 b6 14. Ba2 Ba6 15. Re1
Rc8 {Game drawn by mutual agreement} 1/2-1/2

[Event "Team 45 45 League T52"]
[Site "Internet Chess Club"]
[Date "2012.02.27"]
[Round "2"]
[White "Jack-ONeill"]
[Black "Pacini"]
[Result "0-1"]
[WhiteElo "2031"]
[BlackElo "2108"]
[Opening "Trompowsky attack (Ruth, Opocenský opening)"]
[ECO "A45"]
[Time "09:15:37"]
[TimeControl "2700+45"]

1. d4 Nf6 2. Bg5 e6 3. e4 Be7 4. Bd3 h6 5. Bh4 d6 6. Nf3 Nbd7 7. c3 e5 8. O-O
O-O 9. h3 Nh5 10. Bxe7 Qxe7 11. Nxe5 Nxe5 12. dxe5 Qxe5 13. Nd2 Nf4 14. Nf3 Qf6
15. Kh1 g5 16. Nh2 h5 17. Kg1 Bd7 18. Re1 Kg7 19. Bf1 Rae8 20. Qd4 Qxd4 21. cxd4
f5 22. g3 Ne6 23. Rac1 fxe4 24. d5 Nc5 25. b4 Nd3 26. Bxd3 exd3 27. Red1 Bxh3
28. Rxd3 Rf7 29. Nf3 Kg6 30. Nd4 Re5 31. Nf3 Ref5 {White resigns} 0-1

[Event "Team 45 45 League T52"]
[Site "Internet Chess Club"]
[Date "2012.02.24"]
[Round "2"]
[White "Y-ElGhazali"]
[Black "Morovon23"]
[Result "0-1"]
[WhiteElo "2201"]
[BlackElo "2330"]
[Opening "English: Carls' Bremen system"]
[ECO "A22"]
[Time "14:02:15"]
[TimeControl "2700+45"]

1. c4 Nf6 2. Nc3 e5 3. g3 Nc6 4. Bg2 Bc5 5. e3 O-O 6. Nge2 d6 7. O-O Bb6 8. d4
Bf5 9. d5 Ne7 10. h3 a5 11. Kh2 h6 12. g4 Bh7 13. Ng3 Nd7 14. f4 f5 15. Nxf5
Bxf5 16. gxf5 Nxf5 17. e4 Nh4 18. f5 Qe7 19. Bd2 Kh7 20. Qg4 g5 21. fxg6+ Nxg6
22. Rf5 Nf6 23. Qg3 Rg8 24. Raf1 Raf8 25. Bxh6 Kxh6 26. Qg5+ Kg7 27. Ne2 Nh7 28.
Qd2 Rxf5 29. exf5 Nf4 30. Nxf4 exf4 31. Rxf4 Nf6 32. Rf3 Qe5+ 33. Kh1 Kf7 34.
Qh6 Qe1+ 35. Rf1 Qe2 {White resigns} 0-1

[Event "Team 45 45 League T52"]
[Site "Internet Chess Club"]
[Date "2012.02.28"]
[Round "2"]
[White "MikeA"]
[Black "M-Abotreka"]
[Result "1-0"]
[WhiteElo "2258"]
[BlackElo "2131"]
[Opening "Caro-Kann: exchange variation"]
[ECO "B13"]
[Time "15:33:23"]
[TimeControl "2700+45"]

1. e4 c6 2. d4 d5 3. exd5 cxd5 4. Bd3 Nc6 5. c3 Nf6 6. Nf3 g6 7. O-O Bg7 8. Re1
O-O 9. Nbd2 Bf5 10. Bxf5 gxf5 11. Ne5 Nxe5 12. dxe5 Ne4 13. Qh5 e6 14. Nxe4 fxe4
15. Re3 f6 16. Rh3 fxe5 17. Qxh7+ Kf7 18. Rh6 Qb6 19. Rg6 Ke8 20. Be3 Qxb2 21.
Rf1 Bf6 22. Rxf6 Rxf6 23. Bg5 Qa3 24. Bxf6 Qf8 25. Bg7 {Black resigns} 1-0

[Event "Team 45 45 League T52"]
[Site "Internet Chess Club"]
[Date "2012.02.26"]
[Round "2"]
[White "RedAttack"]
[Black "frontier"]
[Result "0-1"]
[WhiteElo "1894"]
[BlackElo "2034"]
[Opening "King's Indian: 5.Nf3"]
[ECO "E90"]
[Time "10:02:21"]
[TimeControl "2700+45"]

1. c4 Nf6 2. Nc3 g6 3. d4 Bg7 4. e4 d6 5. Nf3 O-O 6. Bd3 e5 7. d5 a5 8. Bg5 Na6
9. Qe2 Qe8 10. O-O Nd7 11. Qe3 f5 12. exf5 gxf5 13. Bc2 Nf6 14. Nh4 f4 15. Qd3
Nc5 16. Qe2 Bg4 17. f3 Bd7 18. Nf5 Qh5 19. Bxf6 Rxf6 20. Nxg7 Kxg7 21. Ne4 Nxe4
22. Qxe4 Raf8 23. Qe2 Rh6 24. h3 Kh8 25. Rf2 Rg8 26. Kf1 Bxh3 27. Ke1 Rxg2 28.
Kd2 Rxf2 29. Qxf2 Bf5 30. Rg1 Bxc2 31. Kxc2 Qf5+ 32. Kd2 b6 33. a3 Rh3 34. Qe2
Qh5 35. Rf1 Rh2 36. Rf2 Rxf2 37. Qxf2 Qg5 38. b4 Qg3 39. Qe2 Qg1 40. bxa5 bxa5
41. Kc2 h5 42. Qd2 Qc5 43. Qd3 Qf2+ 44. Kb3 Qe3 45. Kc3 h4 46. Kc2 Qxd3+ {White
resigns} 0-1

[Event "Team 45 45 League T52"]
[Site "Internet Chess Club"]
[Date "2012.02.27"]
[Round "2"]
[White "BadHabitMarco"]
[Black "AugustoCaruso"]
[Result "0-1"]
[WhiteElo "2178"]
[BlackElo "2191"]
[Opening "French: Winawer (Nimzovich) variation"]
[ECO "C15"]
[Time "16:00:18"]
[TimeControl "2700+45"]

1. e4 e6 2. d4 d5 3. Nc3 Bb4 4. a3 Bxc3+ 5. bxc3 dxe4 6. Qg4 Nf6 7. Qxg7 Rg8 8.
Qh6 Nbd7 9. a4 Nb6 10. a5 Nbd5 11. Ne2 Qd6 12. Bd2 Bd7 13. c4 Rg6 14. Qh4 Ne7
15. c5 Qc6 16. Ng3 b6 17. cxb6 axb6 18. a6 Qxc2 19. Rc1 Qb2 20. Nxe4 Nfd5 21.
Bd3 Rxg2 22. Rb1 Qa3 23. Qxh7 Nf5 24. Ng5 O-O-O 25. Qh3 Nxd4 26. Bc1 Qc5 27. Ne4
Qa5+ 28. Bd2 Qa3 29. a7 Rgg8 30. Rc1 Qxa7 31. Nd6+ Kb8 32. Nc4 e5 33. Qh7 Nf3+
34. Ke2 Qa2 35. Kxf3 Bg4+ 36. Ke4 Nf6+ {White resigns} 0-1

[Event "Team 45 45 League T52"]
[Site "Internet Chess Club"]
[Date "2012.02.26"]
[Round "2"]
[White "QueensCounselor"]
[Black "daniguti"]
[Result "1/2-1/2"]
[WhiteElo "2106"]
[BlackElo "1836"]
[Opening "Ruy Lopez: Berlin defense, open variation"]
[ECO "C67"]
[Time "13:00:35"]
[TimeControl "2700+45"]

1. e4 e5 2. Nf3 Nc6 3. Bb5 Nf6 4. O-O Nxe4 5. d4 Nd6 6. Bxc6 dxc6 7. dxe5 Nf5 8.
Qxd8+ Kxd8 9. Nc3 Ke8 10. Bf4 h6 11. h3 Be7 12. Rad1 Be6 13. a3 Rd8 14. Rfe1 Rd7
15. Ne4 Kd8 16. Rxd7+ Kxd7 17. g4 Nh4 18. Nxh4 Bxh4 19. Nc5+ Ke7 20. Nxe6 Kxe6
21. Rd1 Rd8 22. Rxd8 Bxd8 23. Kg2 Bg5 24. Kf3 Kd5 25. Ke3 {Game drawn by mutual
agreement} 1/2-1/2

[Event "Team 45 45 League T52"]
[Site "Internet Chess Club"]
[Date "2012.02.26"]
[Round "2"]
[White "Deckfuel"]
[Black "TerryMalloy"]
[Result "0-1"]
[WhiteElo "1933"]
[BlackElo "2013"]
[Opening "Sicilian"]
[ECO "B50"]
[Time "12:00:49"]
[TimeControl "2700+45"]

1. e4 c5 2. Nf3 d6 3. Bd3 g6 4. O-O Bg7 5. c3 Nf6 6. Bc2 O-O 7. d4 cxd4 8. cxd4
Nc6 9. h3 Bd7 10. Nc3 Rc8 11. Be3 a6 12. Rc1 b5 13. Qd2 Na5 14. b3 Nc6 15. Rfd1
b4 16. Na4 a5 17. d5 Ne5 18. Bb6 Nxf3+ 19. gxf3 Qe8 20. Bxa5 Bxa4 21. bxa4 Qd7
22. Kg2 Nh5 23. Bxb4 Be5 24. Rh1 Bf4 25. Qd4 Bxc1 26. Rxc1 Nf4+ 27. Kf1 Qxh3+
28. Ke1 Qxf3 29. Qe3 Ng2+ {White resigns} 0-1

[Event "Team 45 45 League T52"]
[Site "Internet Chess Club"]
[Date "2012.02.25"]
[Round "2"]
[White "gareth"]
[Black "lacibacsi"]
[Result "1-0"]
[WhiteElo "2112"]
[BlackElo "2020"]
[Opening "Queen's pawn"]
[ECO "A40"]
[Time "15:30:44"]
[TimeControl "2700+45"]

1. d4 c6 2. Nc3 d5 3. Bg5 h6 4. Bh4 Qb6 5. Rb1 Bf5 6. e3 Nd7 7. Bd3 Bxd3 8. cxd3
e6 9. Nf3 a5 10. a3 Be7 11. Bg3 Ngf6 12. O-O O-O 13. h3 c5 14. dxc5 Nxc5 15. b4
axb4 16. Rxb4 Qa6 17. Nb5 Rfc8 18. Qb1 Ne8 19. Rb2 Na4 20. Rb3 Nc5 21. Rc3 Na4
22. Rxc8 Rxc8 23. Nfd4 f6 24. Qb3 Nc5 25. Qd1 Nd6 26. a4 e5 27. Qg4 exd4 28.
Bxd6 Bxd6 29. Qxc8+ Bf8 30. Nxd4 Qxd3 31. Ne6 Nxe6 32. Qxe6+ Kh7 33. Qf7 Qa3 34.
Qxb7 Qxa4 35. Qxd5 Qc2 36. Rd1 f5 37. g4 g6 38. Qf7+ Bg7 39. Rd8 {Black resigns}
1-0

[Event "Team 45 45 League T52"]
[Site "Internet Chess Club"]
[Date "2012.02.25"]
[Round "2"]
[White "JohanWassermann"]
[Black "Pomberito"]
[Result "1/2-1/2"]
[WhiteElo "1980"]
[BlackElo "2064"]
[Opening "Scotch gambit: Dubois-Réti defense"]
[ECO "C55"]
[Time "12:00:55"]
[TimeControl "2700+45"]

1. e4 e5 2. Nf3 Nc6 3. d4 exd4 4. Bc4 Nf6 5. e5 Ne4 6. Qe2 Nc5 7. c3 d3 8. Bxd3
Nxd3+ 9. Qxd3 Be7 10. O-O O-O 11. Bf4 f6 12. Re1 fxe5 13. Qd5+ Kh8 14. Bxe5 d6
15. Bg3 Bg4 16. Nbd2 Bf6 17. h3 Bxf3 18. Nxf3 Qd7 19. Ng5 Bxg5 20. Qxg5 Rae8 21.
Qh5 Kg8 22. Rad1 a6 23. Qd5+ Qf7 24. Rxe8 Rxe8 25. Kf1 h6 26. f4 Qxd5 27. Rxd5
Kf7 28. Rd3 Na5 29. Bf2 Nc4 30. b3 Na5 31. g4 Nc6 32. Be1 Re4 33. Bd2 Ne7 34.
Kf2 Ng8 35. Kf3 Re8 36. c4 Nf6 37. Be3 b6 38. b4 Ke6 39. Bd4 Rf8 40. Re3+ Kd7
{Game drawn by mutual agreement} 1/2-1/2

[Event "Team 45 45 League T52"]
[Site "Internet Chess Club"]
[Date "2012.02.28"]
[Round "2"]
[White "VillaBallester"]
[Black "CS-Attila"]
[Result "1-0"]
[WhiteElo "2073"]
[BlackElo "1950"]
[Opening "Sicilian: Najdorf, Lipnitzky attack"]
[ECO "B86"]
[Time "20:01:38"]
[TimeControl "2700+45"]

1. e4 c5 2. Nf3 d6 3. d4 cxd4 4. Nxd4 Nf6 5. Nc3 a6 6. Bc4 e6 7. Bb3 Nbd7 8. Bg5
Qa5 9. Bxf6 Nxf6 10. O-O Be7 11. f4 O-O 12. Kh1 Qc7 13. f5 e5 14. Nde2 b5 15.
Ng3 Bb7 16. Nh5 Rac8 17. Nxf6+ Bxf6 18. Nd5 Qc5 19. Nxf6+ gxf6 20. Qh5 Qe3 21.
Rf3 Qd2 22. Rg3+ Kh8 23. Qh4 {Black resigns} 1-0

[Event "Team 45 45 League T52"]
[Site "Internet Chess Club"]
[Date "2012.02.24"]
[Round "2"]
[White "smartactics"]
[Black "zozobob"]
[Result "0-1"]
[WhiteElo "1942"]
[BlackElo "2045"]
[Opening "Nimzo-Indian: Kmoch variation"]
[ECO "E20"]
[Time "22:00:22"]
[TimeControl "2700+45"]

1. d4 Nf6 2. c4 e6 3. Nc3 Bb4 4. f3 d5 5. a3 Bxc3+ 6. bxc3 O-O 7. Qc2 b6 8. Bg5
h6 9. Bh4 Ba6 10. cxd5 exd5 11. e3 Bxf1 12. Kxf1 Nbd7 13. Ne2 Qe7 14. Bf2 c5 15.
Rc1 cxd4 16. Nxd4 Qxa3 17. g3 Ne5 18. Kg2 Nc4 19. e4 dxe4 20. fxe4 Rfe8 21. Rhe1
Qe7 22. Nf5 Qb7 23. Kf3 Nxe4 {White resigns} 0-1

[Event "Team 45 45 League T52"]
[Site "Internet Chess Club"]
[Date "2012.02.26"]
[Round "2"]
[White "rdmuhcu"]
[Black "chiiwen"]
[Result "1/2-1/2"]
[WhiteElo "2292"]
[BlackElo "2195"]
[Opening "Levitsky attack (Queen's bishop attack)"]
[ECO "D00"]
[Time "12:01:44"]
[TimeControl "2700+45"]

1. d4 d5 2. Bg5 c6 3. c3 Qb6 4. Qc2 g6 5. Nd2 Bf5 6. Qb3 Nd7 7. Ngf3 Ngf6 8. e3
Bg7 9. Be2 O-O 10. Ne5 Nxe5 11. dxe5 Nd7 12. g4 Be6 13. Bxe7 Rfe8 14. Qxb6 axb6
15. Bd6 Nxe5 16. Rg1 f5 17. g5 Nf7 18. Bf4 b5 19. Nb3 b4 20. Kd2 bxc3+ 21. bxc3
Ra3 22. Nd4 Bd7 23. Rgb1 b5 24. Rb3 Rea8 25. Rxa3 Rxa3 26. Kc2 Kf8 27. h4 Ke7
28. Kb2 Ra4 29. Rc1 Nd6 30. a3 Nc4+ 31. Bxc4 Rxc4 32. Nf3 b4 33. axb4 Rxb4+ 34.
Kc2 Ra4 35. Rb1 Ra2+ 36. Rb2 Rxb2+ 37. Kxb2 c5 38. Be5 Bf8 39. Ne1 Bb5 40. Ng2
Ke6 41. Bb8 Bc4 42. Nf4+ Kf7 43. Be5 Be7 44. Kc2 Bf8 45. Kb2 Be7 46. Kc2 Bf8
{Game drawn by mutual agreement} 1/2-1/2

[Event "Team 45 45 League T52"]
[Site "Internet Chess Club"]
[Date "2012.02.27"]
[Round "2"]
[White "shyguy"]
[Black "eurander"]
[Result "1-0"]
[WhiteElo "2209"]
[BlackElo "2167"]
[Opening "Caro-Kann: Panov-Botvinnik, normal variation"]
[ECO "B13"]
[Time "16:00:20"]
[TimeControl "2700+45"]

1. e4 c6 2. d4 d5 3. exd5 cxd5 4. c4 Nf6 5. Nc3 Nc6 6. Bg5 e6 7. Nf3 Be7 8. c5
O-O 9. Bb5 Ne4 10. Bxe7 Nxe7 11. Rc1 Ng6 12. O-O Bd7 13. Bxd7 Qxd7 14. g3 f5 15.
Re1 Rf7 16. h4 Qe7 17. h5 Nf8 18. Ne5 Rf6 19. Nxe4 fxe4 20. Qb3 g6 21. h6 g5 22.
Ng4 Rf3 23. Rc3 Rf5 24. f3 exf3 25. Rxf3 Rxf3 26. Qxf3 Ng6 27. Nf6+ {Black
resigns} 1-0

[Event "Team 45 45 League T52"]
[Site "Internet Chess Club"]
[Date "2012.02.25"]
[Round "2"]
[White "SlimeDog2"]
[Black "Dreamshell"]
[Result "1-0"]
[WhiteElo "2081"]
[BlackElo "2082"]
[Opening "QGD semi-Slav: 5.e3"]
[ECO "D45"]
[Time "17:42:50"]
[TimeControl "2700+45"]

1. d4 d5 2. Nf3 c6 3. c4 Nf6 4. e3 e6 5. Nc3 Bd6 6. Bd3 O-O 7. O-O Nbd7 8. e4
dxe4 9. Nxe4 Nxe4 10. Bxe4 Nf6 11. Bc2 c5 12. Qd3 cxd4 13. Bg5 g6 14. Qxd4 Be7
15. Qh4 Re8 16. Rad1 Nd7 17. Ba4 f6 18. Qh3 Bf8 19. Ne5 fxg5 20. Bxd7 g4 21.
Qxg4 Bxd7 22. Rxd7 Qf6 23. f4 Bc5+ 24. Kh1 Rf8 25. Qh3 Be7 26. Ng4 Qg7 27. Nh6+
Kh8 28. Qxe6 Qxh6 29. Rxe7 Rad8 30. h3 Rf5 31. Rxb7 Rdf8 32. Qe7 g5 33. Rd1 Rxf4
34. Qe5+ Kg8 35. Rdd7 R4f6 36. Qc7 Qxh3+ {Black resigns} 1-0

[Event "Team 45 45 League T52"]
[Site "Internet Chess Club"]
[Date "2012.02.28"]
[Round "2"]
[White "martineden"]
[Black "Greedy-Reedy"]
[Result "1-0"]
[WhiteElo "1931"]
[BlackElo "2025"]
[Opening "Queen's pawn game"]
[ECO "A46"]
[Time "11:01:31"]
[TimeControl "2700+45"]

1. d4 Nf6 2. Nf3 c5 3. dxc5 Qa5+ 4. Nc3 Qxc5 5. e4 d6 6. Be3 Qa5 7. Qd3 Nc6 8.
Be2 a6 9. O-O g6 10. Ng5 h6 11. Nf3 Bg7 12. a3 O-O 13. b4 Qc7 14. Rac1 b5 15.
Bf4 Bb7 16. Nd5 Nxd5 17. exd5 Ne5 18. Nxe5 dxe5 19. Be3 Qd7 20. Rfd1 f5 21. c4
bxc4 22. Rxc4 e4 23. Qd2 Kh7 24. Bd4 Bxd4 25. Qxd4 a5 26. Qe5 Rfc8 27. Rdc1 axb4
28. Rc7 Rxa3 29. Rxd7 Rxc1+ 30. Bf1 Rxf1+ 31. Kxf1 Ba6+ 32. Ke1 {Black resigns}
1-0

[Event "Team 45 45 League T52"]
[Site "Internet Chess Club"]
[Date "2012.02.23"]
[Round "2"]
[White "ben304"]
[Black "qs16"]
[Result "0-1"]
[WhiteElo "1681"]
[BlackElo "1743"]
[Opening "Sicilian: Najdorf, 7...Be7 main line"]
[ECO "B99"]
[Time "15:30:16"]
[TimeControl "2700+45"]

1. e4 c5 2. Nf3 d6 3. d4 cxd4 4. Nxd4 Nf6 5. Nc3 a6 6. Bg5 e6 7. f4 Be7 8. Qf3
Qc7 9. O-O-O Nbd7 10. g4 b5 11. Bxf6 Nxf6 12. g5 Nd7 13. a3 Rb8 14. h4 b4 15.
axb4 Rxb4 16. f5 Ne5 17. Qf2 Qb6 18. b3 O-O 19. f6 Ng4 20. Qg1 Nxf6 21. gxf6
Bxf6 22. Bc4 Bd7 23. Na2 Rxc4 24. bxc4 Qa5 25. Kb1 Qa3 26. Rd3 Rb8+ 27. Rb3
Rxb3+ 28. cxb3 Bc6 29. Qe3 Qc5 30. Rd1 Qb6 31. Nc2 Qb8 32. h5 Bxe4 33. b4 Bf5
34. Qd2 h6 35. Qxd6 Qb7 36. Qd7 Qf3 37. Nc1 Qa3 38. Rd4 Qxb4+ 39. Ka2 Bxc2 40.
Qe8+ Kh7 {White resigns} 0-1

[Event "Team 45 45 League T52"]
[Site "Internet Chess Club"]
[Date "2012.02.24"]
[Round "2"]
[White "SugarIslander"]
[Black "KyleMayhugh"]
[Result "1-0"]
[WhiteElo "1653"]
[BlackElo "1425"]
[Opening "QGD: Neo-orthodox variation, 7.Bh4"]
[ECO "D56"]
[Time "13:00:07"]
[TimeControl "2700+45"]

1. d4 d5 2. c4 e6 3. Nc3 Nf6 4. Bg5 Be7 5. Nf3 O-O 6. e3 h6 7. Bh4 Nbd7 8. Bd3
dxc4 9. Bxc4 c5 10. O-O Nb6 11. Qe2 Nxc4 12. Qxc4 cxd4 13. Rfd1 Bd7 14. exd4 Rc8
15. Qb3 b6 16. Ne5 Bc6 17. Nxc6 Rxc6 18. Bxf6 Bxf6 19. d5 Rd6 20. dxe6 fxe6 21.
Ne4 Rxd1+ 22. Rxd1 Qe7 23. f3 Be5 24. Qb5 Qc7 25. g3 Rxf3 26. Qe8+ Kh7 27. Ng5+
hxg5 28. Qh5+ Kg8 29. Qxf3 Bxb2 30. Kh1 Bf6 31. Qe4 Kf7 32. Re1 Qd7 33. Kg2 b5
34. Kf3 a5 35. Re3 Qd1+ 36. Re2 Qh1+ 37. Kg4 Qxe4+ 38. Rxe4 b4 39. Rc4 Kg6 40.
Rc6 Kf7 41. Ra6 Bd8 42. Ra8 Bb6 43. Kxg5 Be3+ 44. Kg4 Bb6 45. h4 Kf6 46. Kf3 Kg6
47. g4 Kf6 48. Ke4 g6 49. Rb8 Bf2 50. Rf8+ {Black resigns} 1-0

[Event "Team 45 45 League T52"]
[Site "Internet Chess Club"]
[Date "2012.02.25"]
[Round "2"]
[White "Saducat996"]
[Black "rom1"]
[Result "0-1"]
[WhiteElo "1397"]
[BlackElo "1620"]
[Opening "Alekhine's defense: exchange variation"]
[ECO "B03"]
[Time "11:01:25"]
[TimeControl "2700+45"]

1. e4 Nf6 2. e5 Nd5 3. d4 d6 4. c4 Nb6 5. exd6 cxd6 6. Nf3 g6 7. Be3 Bg7 8. Nc3
Nc6 9. d5 Ne5 10. Nd4 O-O 11. b3 Ng4 12. Bd3 e5 13. Nde2 f5 14. Rc1 f4 15. Bd2
f3 16. gxf3 Rxf3 17. Be3 Bf5 18. Bxf5 gxf5 19. Ng3 e4 20. Nxf5 Qf6 21. Nd4 Nxe3
22. fxe3 Qh4+ 23. Kd2 Bxd4 24. exd4 Rd3+ 25. Kc2 Rxd1 26. Rcxd1 e3 27. c5 Nd7
28. cxd6 Rf8 29. Nb5 Qe4+ 30. Kc3 e2 31. Rde1 Rf3+ 32. Kc4 a5 33. Rhg1+ Kh8 34.
Nc7 Qd3# {White checkmated} 0-1

[Event "Team 45 45 League T52"]
[Site "Internet Chess Club"]
[Date "2012.02.27"]
[Round "2"]
[White "oldsj"]
[Black "QuimCatala"]
[Result "1-0"]
[WhiteElo "1503"]
[BlackElo "1345"]
[Opening "Sicilian: Taimanov variation"]
[ECO "B48"]
[Time "13:01:37"]
[TimeControl "2700+45"]

1. e4 c5 2. Nf3 Nc6 3. d4 cxd4 4. Nxd4 e6 5. Nc3 a6 6. Be3 Qc7 7. Qd2 Nf6 8. Be2
b5 9. f3 Bb7 10. O-O-O Rd8 11. Nb3 Bb4 12. a3 Bxc3 13. Qxc3 Qe5 14. Qxe5 Nxe5
15. Nc5 Bc8 16. Bd4 d6 17. Bxe5 dxe5 18. Rxd8+ Kxd8 19. Rd1+ Ke7 20. a4 Nd7 21.
Nxd7 Bxd7 22. a5 Rc8 23. b4 f5 24. Kb2 f4 25. Kb3 g5 26. c4 h5 27. cxb5 Bxb5 28.
Bxb5 axb5 29. Ra1 g4 30. h4 g3 31. a6 Kd6 32. Ra5 Kc6 33. a7 Kb7 34. Rxb5+ Kxa7
35. Rxe5 Rc1 36. Rxh5 Rg1 37. Ra5+ Kb6 38. h5 Rxg2 39. Rg5 Rh2 40. Kc3 g2 41.
Kd4 g1=Q+ 42. Rxg1 Rxh5 43. e5 Kb5 44. Rb1 Rh2 45. Ke4 Rh4 46. Rb3 Kc4 47. Rb1
Kb5 48. Rb2 Rh1 49. Kxf4 Rh4+ 50. Kg5 Rh8 51. Kf6 Rf8+ 52. Ke7 Rxf3 53. Kxe6 Re3
54. Kd6 Rd3+ 55. Ke7 Re3 56. e6 Kc6 57. b5+ Kb6 58. Kd7 Rd3+ 59. Ke8 Rh3 60. e7
Re3 61. Rd2 Kc7 62. b6+ Kxb6 63. Kd7 Rc3 64. e8=Q Rc7+ 65. Kd8 Rh7 66. Rd6+ Kb7
67. Qe4+ Kb8 68. Qxh7 Ka8 69. Ra6+ {Black resigns} 1-0

[Event "Team 45 45 League T52"]
[Site "Internet Chess Club"]
[Date "2012.02.27"]
[Round "2"]
[White "AVEMARIA"]
[Black "RD1974"]
[Result "0-1"]
[WhiteElo "1635"]
[BlackElo "1659"]
[Opening "Scandinavian: Pytel-Wade variation"]
[ECO "B01"]
[Time "17:00:53"]
[TimeControl "2700+45"]

1. e4 d5 2. exd5 Qxd5 3. Nc3 Qd6 4. d4 Nf6 5. Nf3 c6 6. Ne5 Bf5 7. Nc4 Qe6+ 8.
Be2 Bg4 9. Ne3 Bxe2 10. Qxe2 Na6 11. d5 Qd7 12. dxc6 Qxc6 13. Qb5 Rc8 14. O-O e6
15. a3 Nc5 16. f3 a6 17. Qe2 Be7 18. Bd2 O-O 19. Kh1 b5 20. Na2 Qb6 21. Rac1
Rfd8 22. Rfd1 Bd6 23. Bc3 Nh5 24. Qf2 Qc7 25. Ng4 Bf4 26. Rxd8+ Rxd8 27. Re1
Ng3+ 28. Kg1 h5 29. Be5 Bxe5 30. Nxe5 Nf5 31. c3 Nd3 32. Nxd3 Rxd3 33. Nb4 Rd6
34. g3 a5 35. Nc2 Qd7 36. Kg2 g5 37. Ne3 Rd2 38. Re2 Nxe3+ 39. Qxe3 Rxe2+ 40.
Qxe2 f6 41. Kf2 Kf7 42. f4 g4 43. Qe3 Qc7 44. Qd4 e5 45. Qd5+ Kg7 46. fxe5 Qxe5
47. Qxe5 fxe5 48. Ke3 Kf6 49. Ke4 Ke6 50. b3 a4 51. bxa4 bxa4 52. c4 Kd6 53. c5+
Kxc5 54. Kxe5 Kc4 55. Kf5 Kb3 56. Kg5 Kxa3 57. Kxh5 Kb2 58. Kxg4 a3 59. h4 a2
60. h5 a1=Q 61. Kg5 Qc1+ 62. Kg6 Qc6+ 63. Kg5 Qd5+ 64. Kh4 Qd8+ 65. Kg4 Qf6 66.
Kh3 Qg5 67. g4 Kc3 {White resigns} 0-1